 Dungeon Crawl Stone Soup version 0.29-a0-911-g88e6f02907 (webtiles) character file.

Game seed: 9808699797031992149

41925 Aviak the Thaumaturge (level 13, -4/113 HPs)
             Began as a Demonspawn Ice Elementalist on July 24, 2022.
             Was a High Priest of Vehumet.
             Slain by a dire elephant (21 damage)
             ... on level 5 of the Lair of Beasts on July 25, 2022.
             The game lasted 00:46:52 (21863 turns).

Aviak the Thaumaturge (DsIE)                       Turns: 21863, Time: 00:46:53

Health: -4/113     AC: 15    Str:  8    XL:     13   Next: 82%
Magic:  14/28      EV: 22    Int: 19    God:    Vehumet [*****.]
Gold:   948        SH:  5    Dex: 17    Spells: 13/35 levels left

rFire   . . .      SeeInvis .   M - +3 spear (vorpal)
rCold   . . .      Faith    .   B - +0 buckler
rNeg    . . .      Spirit   .   O - +1 robe {Will+}
rPois   +          Reflect  .   u - +2 helmet
rElec   .          Harm     .   L - +2 cloak
rCorr   .          Rampage  .   j - +0 pair of gloves
Will    +....                   Q - +1 pair of boots
Stlth   ++........              r - amulet of magic regeneration
HPRegen 0.28/turn               P - ring of poison resistance
MPRegen 0.61/turn               E - +4 ring of evasion

@: mighty, freezing walls
A: hooves 1, rugged brown scales 3, demonic guardian 2, powered by pain 1
a: Renounce Religion


You were on level 5 of the Lair of Beasts.
You worshipped Vehumet.
Vehumet was extremely pleased with you.
You visited 3 branches of the dungeon, and saw 15 of its levels.

You collected 948 gold pieces.

Inventory:

Hand Weapons
 M - a +3 vorpal spear (weapon)
 N - a +1 whip of electrocution
Armour
 j - a +0 pair of gloves (worn)
 m - a +0 ring mail
 u - a +2 helmet (worn)
 B - a +0 buckler (worn)
 L - a +2 cloak (worn)
 O - a +1 robe of willpower (worn)
 Q - a +1 pair of boots (worn)
Jewellery
 l - a ring of resist corrosion
 r - an amulet of magic regeneration (around neck)
 C - a ring of willpower
 E - a +4 ring of evasion (right hand)
 P - a ring of poison resistance (left hand)
 T - a +6 ring of dexterity
 V - a +6 ring of strength
 Z - an amulet of regeneration
Wands
 q - a wand of polymorph (10)
 G - a wand of iceblast (19)
 H - a wand of charming (13)
 R - a wand of flame (19)
Scrolls
 e - 2 scrolls of silence {!r}
 h - a scroll of acquirement {unknown}
 i - a scroll of identify
 n - 2 scrolls of poison
 p - a scroll of magic mapping
 t - 3 scrolls of teleportation
 v - 3 scrolls of enchant weapon {unknown}
 w - 2 scrolls of enchant armour
 x - 2 scrolls of blinking
 y - 2 scrolls of fog {unknown}
 z - 2 scrolls of amnesia
 A - 2 scrolls of immolation
 I - 3 scrolls of fear
 S - a scroll of vulnerability {unknown}
Potions
 b - 3 potions of magic
 c - 4 potions of curing
 d - a potion of degeneration {unknown}
 f - 4 potions of mutation {unknown}
 k - 4 potions of flight
 o - 2 potions of heal wounds {unknown}
 s - 6 potions of might
 D - 3 potions of attraction {unknown}
 F - 3 potions of ambrosia {unknown}
 J - a potion of haste {unknown}
 K - 2 potions of experience {unknown}
 U - 2 potions of resistance {unknown}
 W - a potion of berserk rage {unknown}
 X - 3 potions of lignification {!q}
Miscellaneous
 a - a lightning rod (4/4)
 g - a condenser vane (inert)


   Skills:
 - Level 11.3 Fighting
 - Level 3.0 Axes
 + Level 10.6 Dodging
 - Level 1.7 Stealth
 - Level 3.0 Shields
 + Level 11.6 Spellcasting
 - Level 6.6 Conjurations
 - Level 7.0 Ice Magic
 - Level 6.0 Air Magic
 - Level 4.0 Poison Magic
 - Level 4.0 Evocations


You had 13 spell levels left.
You knew the following spells:

 Your Spells              Type           Power      Damage    Failure   Level
a - Freeze                Ice            100%       1d11      1%          1
b - Frozen Ramparts       Ice            76%        1d9       1%          3
c - Ozocubu's Armour      Ice            38%        N/A       1%          3
d - Hailstorm             Conj/Ice       37%        3d9       1%          4
e - Searing Ray           Conj           72%        2d7       1%          2
f - Olgreb's Toxic Radia  Pois           26%        N/A       4%          4
g - Lightning Bolt        Conj/Air       17%        1d32      4%          5

Your spell library contained the following spells:

 Spells                   Type           Power      Damage    Failure   Level
 Starburst                Conj/Fire      11%        6d5       58%         6
 Static Discharge         Conj/Air       35%        3-8/arc   1%          2
 Stone Arrow              Conj/Erth      46%        3d9       1%          3
 Gell's Gravitas          Tloc           11%        N/A       26%         3
 Lesser Beckoning         Tloc           11%        N/A       26%         3
 Teleport Other           Tloc           11%        N/A       26%         3
 Animate Armour           Summ/Erth      22%        N/A       63%         4
 Cause Fear               Hex            5%         N/A       63%         4
 Dragon Form              Tmut           5%         N/A       100%        7
 Malign Gateway           Summ/Tloc      5%         N/A       100%        7
 Lehudib's Crystal Spear  Conj/Erth      11%        10d4      100%        8
 Maxwell's Capacitive Co  Air            16%        ∞         100%        8
 Summon Horrible Things   Summ           5%         N/A       100%        8
 Dragon's Call            Summ           5%         N/A       100%        9


Dungeon Overview and Level Annotations

Branches:
Dungeon (9/15) Zot: 24881  Temple (1/1) D:4 Zot: 5750    Lair (5/5) D:9 Zot: 21965
 Shoals (0/4) Lair:2       Spider (0/4) Lair:2        Slime (0/5) Lair:5
    Orc: D:9-12

Altars:
Ashenzari
Cheibriados
Dithmenos
Fedhas
Gozag
Hepliaklqana
Kikubaaqudgha
Makhleb
Nemelex Xobeh
Okawaru
Qazlal
Ru
Sif Muna
Trog
Uskayaw
Vehumet
Wu Jian
Xom
Yredelemnul

Annotations:
Lair:3 1 runed translucent door, PeterMcNeter's ghost, journeyman TrFi


Innate Abilities, Weirdness & Mutations

You have large cloven feet.
You are completely covered in rugged brown scales. (AC +3, +7% HP)
A demonic guardian rushes to your aid.
You sometimes gain a little power by taking damage.


Message History

A demonic guardian appears!
You focus on the pain.
You feel your power returning.
Okay, then.
Your frozen ramparts will break if you move.
Continue?
You swap places.
The dire elephant attacks as you move away!
The dire elephant closely misses you.
The dire elephant completely misses you.
The frozen ramparts melt away as you move.
Your smoke demon hits the dire elephant but does no damage. x3
The dire elephant tramples your smoke demon!
Your smoke demon is shoved backwards!
Your smoke demon gestures at the dire elephant.
The sticky flame hits the dire elephant.
The dire elephant is covered in liquid flames!
Casting: Frozen Ramparts (safe; 1% risk of failure)
Confirm with . or Enter, or press ? or * to list all spells.
Aiming: Lightning Bolt (dangerous; 4% risk of failure)
Press: ? - help, Shift-Dir - straight line You hear a mighty clap of thunder!
The bolt of lightning hits the dire elephant!
The dire elephant is almost dead.
You hear a trumpeting!
You hear a shout!
You hear a trumpeting! x3
You hear an angry hiss.
You hear a croak.
The dire elephant burns!
The dire elephant burns!
Casting: Lightning Bolt (dangerous; 4% risk of failure)
Confirm with . or Enter, or press ? or * to list all spells.
Aiming: Lightning Bolt (dangerous; 4% risk of failure)
Press: ? - help, Shift-Dir - straight line
Okay, then.
Okay, then.
Casting: Lightning Bolt (dangerous; 4% risk of failure)
Confirm with . or Enter, or press ? or * to list all spells.
Casting: Frozen Ramparts (safe; 1% risk of failure)
Press: ? - help, Dir - look around, f - activate The walls around you are covered in ice.
The dire elephant burns!
The wall freezes the dire elephant.
The dire elephant tramples you!!
You die...

...........###...♣#.#,,,,,,*
.....(###...##..^.#.#,,,,,,*
.......#.#..#.....#.#*8,,8**
........###....#..#.##******
.......####.......#.8##8[[8*
...÷....P...#.....'..8#Yp?,*
...÷..÷÷.P..#.[...'.⌠.#Y..,*
..÷#####..####....'..8#Y..,*
...#...#...##.#.@.#.8##8..8*
..##>..'..#####Y#.#.##**++**
.###...#.## #..3#.#*,≈≈≈**
#* #####.# ##..#.#,≈≈≈≈≈* **
### #.<.#.#≈≈≈≈≈≈* ,**
#.?.#,**≈≈≈,,* ,,***
##..#,,*≈,,,** ,,*,*
##.#*,****+** ,,,,*
#.♣*,,,*8,8*


You could see 4 dire elephants and a friendly smoke demon (summoned).

Vanquished Creatures
  Gastronok (D:9)
  2 boulder beetles (Lair:5)
  2 catoblepae (Lair:5)
  2 hydras
  Erica (D:8)
  3 death yaks (Lair:4)
  A lindwurm (Lair:4)
  Pikel (D:9)
  22 elephants
  6 black mambas
  A merfolk siren (Lair:2)
  9 cane toads
  A rime drake (Lair:5)
  15 komodo dragons
  A polar bear (Lair:2)
  8 blink frogs
  2 dream sheep (Lair:5)
  Prince Ribbit (D:5)
  A culicivora (Lair:2)
  2 jumping spiders (Lair:2)
  A wraith (D:7)
  A shadow (D:9)
  8 wyverns
  30 yaks
  Eustachio (D:6)
  2 basilisks
  A steam dragon (D:9)
  A redback (Lair:2)
  2 acid dragons
  8 water moccasins
  2 orc warriors
  3 ice beasts
  2 black bears
  A hornet zombie (D:7)
  6 wolves (Lair:2)
  2 phantoms
  3 kobold brigands
  3 lemures (D:9)
  A gnoll sergeant (D:8)
  13 bullfrogs
  A necrophage (D:7)
  A wyvern zombie (D:7)
  4 scorpions
  A water moccasin zombie (D:7)
  18 wights
  7 killer bees (D:8)
  A howler monkey (D:5)
  An electric eel (Lair:5)
  A bullfrog zombie (D:7)
  3 centaur zombies (D:7)
  4 hounds
  2 jellies
  3 orc priests
  Ijyb (D:3)
  2 gnoll boudas
  Jessica (D:2)
  5 iguanas
  Terence (D:3)
  8 orc wizards
  2 killer bee zombies (D:7)
  2 howler monkey zombies (D:7)
  Robin (D:2)
  11 gnolls
  8 adders
  A shadow imp (D:5)
  2 ufetubi (D:6)
  5 worms
  4 dart slugs
  39 orcs
  10 endoplasms
  5 giant cockroaches
  17 goblins
  11 hobgoblins
  34 kobolds
  3 quokkas
  7 ball pythons
  11 bats
  7 frilled lizards
  9 rats
427 creatures vanquished.

Vanquished Creatures (collateral kills)
  An elephant (Lair:4)
  A cane toad (Lair:3)
  A rime drake (Lair:5)
  A komodo dragon (D:9)
  A polar bear (Lair:5)
  A blink frog (Lair:4)
  A yak (Lair:1)
  Menkaure (D:7)
  A wyvern zombie (D:7)
  A necrophage (D:5)
  A howler monkey zombie (D:7)
  A dart slug (D:5)
  An orc (D:2)
  A goblin (D:2)
14 creatures vanquished.

Vanquished Creatures (others)
  A wight (D:7)
  3 centaur zombies (D:7)
  43 fungi
  27 plants
  27 withered plants
101 creatures vanquished.

Grand Total: 542 creatures vanquished

Notes
Turn   | Place    | Note
-------+----------+-------------------------------------------
     0 | D:1      | Aviak the Demonspawn Ice Elementalist began the quest for
                  | the Orb.
     0 | D:1      | Reached XP level 1. HP: 13/13 MP: 3/3
   276 | D:1      | Gained mutation: A weak demonic guardian rushes to your
                  | aid. [demonic ancestry]
   276 | D:1      | Reached XP level 2. HP: 16/19 MP: 3/5
   704 | D:1      | Found a faded altar of an unknown god.
   987 | D:1      | Reached XP level 3. HP: 24/24 MP: 4/6
  1166 | D:1      | Learned a level 3 spell: Frozen Ramparts
  1304 | D:2      | Gained mutation: You are partially covered in rugged brown
                  | scales. (AC +1, +3% HP) [demonic ancestry]
  1304 | D:2      | Reached XP level 4. HP: 9/30 MP: 2/7
  1665 | D:2      | Noticed Robin
  1677 | D:2      | Killed Robin
  2027 | D:2      | Noticed Jessica
  2037 | D:2      | Killed Jessica
  2038 | D:2      | Gained mutation: You are mostly covered in rugged brown
                  | scales. (AC +2, +5% HP) [demonic ancestry]
  2038 | D:2      | Reached XP level 5. HP: 18/36 MP: 4/8
  2828 | D:3      | Learned a level 3 spell: Ozocubu's Armour
  2904 | D:3      | Noticed Ijyb
  2920 | D:3      | Reached skill level 1 in Fighting
  2920 | D:3      | Reached skill level 5 in Ice Magic
  2921 | D:3      | Killed Ijyb
  3109 | D:3      | Gained mutation: You are completely covered in rugged brown
                  | scales. (AC +3, +7% HP) [demonic ancestry]
  3109 | D:3      | Reached XP level 6. HP: 3/47 MP: 3/9
  3751 | D:3      | Found a sparkling altar of Nemelex Xobeh.
  3751 | D:3      | Found an opulent altar of Gozag.
  3752 | D:3      | Found an ornate altar of the Wu Jian Council.
  3764 | D:3      | Noticed Terence
  3770 | D:3      | Killed Terence
  3989 | D:4      | Found a staircase to the Ecumenical Temple.
  4023 | Temple   | Entered the Ecumenical Temple
  4152 | Temple   | Became a worshipper of Vehumet
  4735 | D:5      | Entered Level 5 of the Dungeon
  4775 | D:5      | Noticed Prince Ribbit
  4785 | D:5      | Reached XP level 7. HP: 49/55 MP: 7/10
  4788 | D:5      | Killed Prince Ribbit
  4789 | D:5      | Reached skill level 1 in Axes
  5017 | D:5      | Identified the +2 robe of the Devil {-Tele rF+ rC++ Int+3}
  5181 | D:5      | Found a hide-covered altar of Uskayaw.
  5361 | D:5      | Reached XP level 8. HP: 65/65 MP: 11/11
  5451 | D:5      | Reached skill level 5 in Fighting
  6049 | D:6      | Reached * piety under Vehumet
  6049 | D:6      | Offered knowledge of Shock by Vehumet.
  6246 | D:6      | Noticed Eustachio
  6265 | D:6      | Killed Eustachio
  6266 | D:6      | Reached skill level 1 in Shields
  6300 | D:6      | Learned a level 4 spell: Hailstorm
  6345 | D:6      | Reached skill level 1 in Conjurations
  6536 | D:6      | Found a stormy altar of Qazlal.
  6925 | D:6      | Offered knowledge of Sandblast by Vehumet.
  7522 | D:7      | Reached XP level 9. HP: 64/74 MP: 12/12
  7618 | D:7      | Reached ** piety under Vehumet
  8325 | D:7      | Noticed Menkaure
  8342 | D:7      | Killed Menkaure
  8343 | D:7      | Reached skill level 5 in Conjurations
  9350 | D:7      | Offered knowledge of Searing Ray by Vehumet.
  9354 | D:7      | Learned a level 2 spell: Searing Ray
 10137 | D:8      | Gained mutation: You sometimes gain a little power by
                  | taking damage. [demonic ancestry]
 10137 | D:8      | Reached XP level 10. HP: 83/87 MP: 13/13
 10320 | D:8      | Reached skill level 1 in Evocations
 10528 | D:8      | Reached *** piety under Vehumet
 10856 | D:8      | Noticed Erica
 10876 | D:8      | Killed Erica
 10961 | D:8      | Offered knowledge of Olgreb's Toxic Radiance by Vehumet.
 11775 | D:9      | Reached skill level 10 in Fighting
 11899 | D:9      | Reached **** piety under Vehumet
 12104 | D:9      | Learned a level 4 spell: Olgreb's Toxic Radiance
 12173 | D:9      | Noticed Gastronok
 12176 | D:9      | Noticed Pikel
 12182 | D:9      | Killed Pikel
 12183 | D:9      | Reached skill level 1 in Poison Magic
 12213 | D:9      | Killed Gastronok
 12214 | D:9      | Reached skill level 5 in Spellcasting
 12214 | D:9      | Gained mutation: You have large cloven feet. [demonic
                  | ancestry]
 12214 | D:9      | Reached XP level 11. HP: 45/98 MP: 16/18
 12747 | D:9      | Offered knowledge of Lee's Rapid Deconstruction by Vehumet.
 13056 | D:9      | Found a staircase to the Lair.
 13865 | Lair:1   | Entered Level 1 of the Lair of Beasts
 14388 | Lair:1   | Noticed an eight-headed hydra
 14404 | Lair:1   | Killed an eight-headed hydra
 14872 | Lair:1   | Reached skill level 5 in Dodging
 15649 | Lair:2   | Found a hole to the Spider Nest.
 15780 | Lair:2   | Reached XP level 12. HP: 45/107 MP: 20/23
 16250 | Lair:2   | Reached ***** piety under Vehumet
 16250 | Lair:2   | Offered knowledge of Starburst by Vehumet.
 16260 | Lair:2   | Learned a level 5 spell: Lightning Bolt
 16425 | Lair:2   | Reached skill level 1 in Air Magic
 16713 | Lair:2   | Found a staircase to the Shoals.
 17846 | Lair:3   | Found a runed translucent door.
 17849 | Lair:3   | Noticed PeterMcNeter's ghost (journeyman TrFi)
 17849 | Lair:3   | Identified the +4 spear "Oxzushru" {drain, Str+4 Int+3}
 18070 | Lair:3   | Upgraded the game from 0.29-a0-902-g0f71de6fce to
                  | 0.29-a0-911-g88e6f02907
 18746 | Lair:4   | Reached skill level 5 in Air Magic
 18885 | Lair:4   | Noticed a death yak
 18886 | Lair:4   | Noticed a death yak
 18887 | Lair:4   | Noticed a death yak
 18899 | Lair:4   | Killed a death yak
 18900 | Lair:4   | Gained mutation: A demonic guardian rushes to your aid.
                  | [demonic ancestry]
 18900 | Lair:4   | Reached XP level 13. HP: 60/113 MP: 7/26
 18945 | Lair:4   | Reached skill level 10 in Spellcasting
 20114 | Lair:5   | Entered Level 5 of the Lair of Beasts
 20681 | Lair:5   | Reached skill level 10 in Dodging
 21164 | Lair:5   | Found a runed translucent door.
 21165 | Lair:5   | Found a staircase to the Slime Pits.
 21837 | Lair:5   | Noticed a dire elephant
 21839 | Lair:5   | Noticed a dire elephant
 21839 | Lair:5   | Noticed a dire elephant
 21839 | Lair:5   | Noticed a dire elephant
 21863 | Lair:5   | Slain by a dire elephant

Illustrated notes

Levels and vault maps discovered:
D:1:      heliophobic_arrival_dark_side_of_the_moon, layout_basic,
          hellmonk_ecumenical_altar_heavens_door
D:2:      layout_basic, minmay_increasing_density, uniq_robin, uniq_jessica
D:3:      layout_rooms, gammafunk_temple_overflow_claw, minmay_checkerbox,
          uniq_terence, uniq_ijyb
D:4:      layout_rooms, minmay_temple_entry_glass, supply_closet_lemuel
D:5:      layout_gridville, old_standard_altar, minmay_fractal_squares_5,
          uniq_prince_ribbit1
D:6:      corexii_shantytown, layout_basic, nicolae_qazlal_scattered_showers,
          minmay_misc_feat_diagonals, uniq_eustachio
D:7:      layout_loops_cross, serial_undead, serial_undead_c, serial_undead_e,
          serial_undead_b, serial_undead_b, serial_undead_d, serial_undead_e,
          serial_undead_d, serial_undead_e, serial_undead_f, serial_undead_a,
          uniq_menkaure
D:8:      layout_loops_corners, uniq_erica
D:9:      layout_small_grid, erik_lair_dragon, uniq_pikel, uniq_gastronok
Temple:   minmay_crystal_spiral_temple
Lair:1:   layout_chaotic_city
Lair:2:   layout_cave_pods, minmay_shoals_entry_lonely_mermaid,
          spider_nest_entry_funnel_web
Lair:3:   layout_regular_city, ebering_ghost_funeral_grove, grunt_megastairs_4
Lair:4:   layout_regular_city
Lair:5:   due_jungle_book, layout_cave_pods, slime_entry_2, ldierk_geyser,
          dreamdust_gnoll_shepherd, serial_bayou_shore_b

Skill      XL: |  1  2  3  4  5  6  7  8  9 10 11 12 13 |
---------------+----------------------------------------+-----
Dodging        | 2 3 6 8 10 | 10.6
Ice Magic      | 4 5 6 7 |  7.0
Fighting       | 1 3 4 6 8 10 11 | 11.3
Axes           | 2 3 |  3.0
Shields        | 3 |  3.0
Conjurations   | 3 6 |  6.6
Evocations     | 4 |  4.0
Spellcasting   | 5 7 9 11 | 11.6
Poison Magic   | 2 4 |  4.0
Air Magic      | 5 6 |  6.0
Stealth        | |  1.7

Action                   |  1- 3 |  4- 6 |  7- 9 | 10-12 | 13-15 || total
-------------------------+-------+-------+-------+-------+-------++-------
Melee: Unarmed           |     9 |       |       |       |       ||     9
       Spear             |    46 |    46 |       |   330 |   146 ||   568
       Long sword        |       |    95 |       |       |       ||    95
       War axe           |       |    15 |   392 |    20 |       ||   427
       Punch             |       |     1 |       |       |       ||     1
       Kick              |       |       |       |   129 |    58 ||   187
 Cast: Freeze            |    27 |    28 |    27 |     8 |     1 ||    91
       Frozen Ramparts   |     1 |    12 |    25 |    54 |    29 ||   121
       Ozocubu's Armour  |       |     2 |    17 |    17 |    10 ||    46
       Hailstorm         |       |       |     5 |     1 |       ||     6
       Searing Ray       |       |       |     7 |    30 |     2 ||    39
       Olgreb's Toxic Ra |       |       |       |    28 |    20 ||    48
       Lightning Bolt    |       |       |       |     3 |    18 ||    21
Evoke: Wand              |       |       |     6 |     4 |     4 ||    14
       Condenser vane    |       |       |     1 |     2 |     1 ||     4
       Lightning rod     |       |       |       |       |     4 ||     4
  Use: Scroll            |       |     2 |     9 |     2 |     8 ||    21
       Potion            |       |       |     1 |       |     1 ||     2
 Stab: Sleeping          |     6 |     3 |     3 |     4 |     1 ||    17
       Distracted        |       |       |     4 |       |       ||     4
       Confused          |       |       |       |     5 |       ||     5
Armor: Robe              |     8 |    70 |   230 |   139 |    54 ||   501
Dodge: Dodged            |    33 |   133 |   318 |   279 |   170 ||   933
Block: Buckler           |       |       |   131 |   114 |    42 ||   287

Table legend: (Time is in decaauts)
 A = Elapsed time spent in this place.
 B = Non-inter-level travel time spent in this place.
 C = Inter-level travel time spent in this place.
 D = Time resting spent in this place.
 E = Time spent auto-exploring this place.
 F = Levels seen in this place.
 G = Mean time per level.
                   A        B        C        D        E       F      G
               +--------+--------+--------+--------+--------+-----+--------+
         Total |  22140 |  21545 |    595 |   3636 |  14091 |  15 | 1476.0 |
       Dungeon |  13857 |  13505 |    352 |   2247 |   8728 |   9 | 1539.7 |
        Temple |    249 |    165 |     84 |      0 |    116 |   1 |  249.0 |
          Lair |   8033 |   7874 |    159 |   1389 |   5246 |   5 | 1606.6 |
               +--------+--------+--------+--------+--------+-----+--------+

Top non-repeatable levels by time:
     D:7: 2611 daAuts
     D:9: 2118 daAuts
  Lair:4: 2064 daAuts
  Lair:2: 1778 daAuts
     D:8: 1769 daAuts
     D:6: 1606 daAuts
     D:2: 1562 daAuts
  Lair:1: 1547 daAuts
  Lair:3: 1511 daAuts
     D:1: 1268 daAuts
     D:5: 1213 daAuts
     D:3: 1183 daAuts
  Lair:5: 1131 daAuts
     D:4: 523 daAuts
  Temple: 249 daAuts
